AoeStats
← pelder787

Arabia

506539284Analyzed
1v1 RM · 18d ago on Sep 14, 2026· 35m 38s· 2 players
Game mode
Random Map
Map size
Tiny (2 player)
Population
200
Speed
Normal
Resources
Standard
Victory
Conquest
Starting age
Dark Age
Ending age
Imperial Age
RankedLock teamsTeams togetherTeam positionsShared explorationLock speedFull tech treeHidden civsTurbo modeCheats
Victory
Defeat
🇺🇸 Franks · United States
871
+15
🇺🇸 Shu · United States
852
-15
Kairos
7:14 Loom
9:20 Feudal Age
12:31 Man-at-Arms
14:17 Double-Bit Axe
14:13 Horse Collar
21:38 Fletching
24:35 Castle Age
23:40 Wheelbarrow
23:37 Scale Mail Armor
25:08 Crossbowman
25:55 Bodkin Arrow
27:07 Bow Saw
26:57 Heavy Plow
26:52 Pikeman
29:25 Squires
29:55 Thumb Ring
31:10 Gold Mining
33:56 Forging
pelder787
12:31 Feudal Age
10:47 Loom
19:51 Double-Bit Axe
23:18 Scale Barding Armor
23:24 Forging
26:37 Castle Age
25:13 Wheelbarrow
27:30 Husbandry
28:01 Chain Barding Armor
30:50 Iron Casting
Connection lost

Rejoining the realm…

Still unreachable

The connection could not be restored.

Session expired

The server has moved on; the page needs a fresh start.